AoeStats
← 280897526

Arabia

510512604Analyzed
1v1 RM · 9h ago on Oct 1, 2026· 32m 2s· 2 players
Game mode
Random Map
Map size
Tiny (2 player)
Population
200
Speed
Normal
Resources
Standard
Victory
Conquest
Starting age
Dark Age
Ending age
Imperial Age
RankedLock teamsTeams togetherTeam positionsShared explorationLock speedFull tech treeHidden civsTurbo modeCheats
Victory
Defeat
🇹🇷 Khmer · Türkiye
898
+15
🇨🇳 Chinese · China
871
-15
280897526
1:03 Loom
12:57 Feudal Age
13:26 Double-Bit Axe
13:34 Gold Mining
19:29 Fletching
19:42 Padded Archer Armor
21:25 Stone Mining
24:52 Castle Age
24:59 Crossbowman
25:35 Bodkin Arrow
26:11 Thumb Ring
27:27 Bow Saw
27:55 Town Watch
28:45 Wheelbarrow
31:29 Gold Shaft Mining
i.yildirim35
6:47 Loom
11:12 Feudal Age
15:26 Horse Collar
21:27 Castle Age
20:16 Double-Bit Axe
20:46 Forging
20:41 Scale Barding Armor
21:58 Bloodlines
22:18 Husbandry
22:48 Chain Barding Armor
28:13 Bow Saw
31:06 Gold Mining
Connection lost

Rejoining the realm…

Still unreachable

The connection could not be restored.

Session expired

The server has moved on; the page needs a fresh start.